Map: Jagannatha LE

Players

Pacomike

  • Race: Protoss Protoss

Cham - Winner!

  • Race: Zerg Zerg

Event: DreamHack SC2 Masters 2021 Winter

VOD

Have the link to the VOD?

Description

Time

  • Played on: Sept. 30, 2021, 4:51 p.m.
  • Length: 11:00

All games in this series

Show
View Real Time Build Order
Export as new Build Order

Pacomike Protoss 

Build Orders: 1 Gate Expand 

Get SALT Encoding   

  12  0:00  Probe  
  13  0:12  Probe  
  14  0:19  Pylon  
  14  0:24  Probe (Chrono Boost)  
  15  0:38  Gateway  
  16  0:43  Probe (Chrono Boost)  
  16  0:45  Assimilator  
  16  0:48  Probe (Chrono Boost)  
  17  0:58  Probe  
  18  1:10  Probe  
  19  1:22  Probe  
  20  1:29  Nexus  
  20  1:37  Cybernetics Core, Probe  
  21  1:45  Assimilator  
  21  1:49  Probe  
  21  1:52  Pylon  
  22  2:01  Probe (Chrono Boost)  
  23  2:10  Stalker (Chrono Boost)  
  23  2:12  Probe (Chrono Boost)  
  26  2:17  Probe (Chrono Boost)  
  26  2:19  Twilight Council  
  27  2:26  Warp Gate  
  27  2:27  Probe  
  28  2:35  Adept  
  30  2:40  Probe (Chrono Boost)  
  32  2:45  Probe (Chrono Boost)  
  32  2:50  Pylon  
  32  2:51  Probe (Chrono Boost)  
  32  2:53  Probe (Chrono Boost)  
  32  2:55  Charge (Chrono Boost)  
  34  2:59  Probe  
  34  3:03  Probe  
  36  3:09  Gateway  
  36  3:12  Probe  
  37  3:18  Gateway  
  37  3:20  Probe  
  37  3:24  Probe  
  39  3:28  Gateway  
  39  3:32  Probe  
  40  3:36  Probe  
  41  3:44  Probe  
  41  3:46  Pylon  
  41  3:48  Probe  
  43  4:07  Pylon  
  43  4:09  Nexus  
  43  4:16  Zealot x3, Stargate  
  49  4:23  Zealot  
  51  4:29  Probe x2  
  53  4:35  Assimilator  
  53  4:36  Zealot x2  
  53  4:37  Zealot x2  
  61  4:41  Probe  
  58  4:51  Probe  
  59  4:54  Void Ray (Chrono Boost), Probe  
  58  5:00  Zealot x3  
  58  5:01  Zealot  
  58  5:04  Probe  
  65  5:10  Assimilator  
  65  5:13  Stargate  
  65  5:16  Probe  
  65  5:20  Probe  
  65  5:21  Probe, Shield Battery  
  68  5:29  Probe  
  68  5:32  Probe  
  68  5:33  Void Ray (Chrono Boost), Probe  
  74  5:43  Probe (Chrono Boost)  
  74  5:45  Probe x2 (Chrono Boost)  
  66  5:51  Fleet Beacon  
  66  5:53  Pylon  
  66  5:56  Probe (Chrono Boost)  
  67  5:57  Probe x2 (Chrono Boost)  
  67  5:59  Void Ray (Chrono Boost)  
  67  6:00  Probe (Chrono Boost)  
  72  6:05  Probe  
  72  6:06  Void Ray (Chrono Boost)  
  72  6:11  Probe  
  75  6:13  Pylon  
  75  6:14  Pylon  
  75  6:16  Zealot x3  
  84  6:22  Probe  
  84  6:24  Flux Vanes  
  85  6:27  Pylon  
  85  6:31  Assimilator  
  85  6:32  Probe  
  86  6:34  Gateway, Forge  
  86  6:35  Assimilator, Probe  
  86  6:38  Void Ray x2 (Chrono Boost)  
  91  6:40  Probe  
  91  6:45  Probe  
  93  6:48  Probe  
  93  6:52  Probe  
  99  6:57  Probe  
  99  7:00  Probe  
  101  7:07  Pylon  
  101  7:08  Pylon  
  101  7:19  Gateway, Void Ray  
  101  7:20  Void Ray, Gateway  
  101  7:22  Photon Cannon  
  101  7:25  Probe  
  101  7:27  Protoss Ground Weapons Level 1 (Chrono Boost), Pylon  
  110  7:42  Pylon  
  110  7:48  Protoss Air Weapons Level 1  
  110  7:53  Robotics Facility  
  110  7:56  Zealot x4, Pylon  
  114  8:03  Probe  
  107  8:06  Probe  
  107  8:12  Probe  
  96  8:16  Probe  
  96  8:18  Probe  
  98  8:24  Probe  
  98  8:25  Zealot x3  
  98  8:26  Zealot x3  
  110  8:27  Pylon  
  110  8:29  Phoenix (Chrono Boost)  
  110  8:30  Phoenix (Chrono Boost)  
  102  8:47  Phoenix (Chrono Boost)  
  102  8:48  Stalker x5, Phoenix (Chrono Boost)  
  96  8:50  Probe  
  102  9:02  Probe x2  
  88  9:09  Phoenix  
  76  9:14  Probe  
  76  9:16  Probe x2  
  69  9:26  Probe  
  69  9:28  Probe (Chrono Boost)  
  69  9:29  Probe (Chrono Boost)  
  60  9:44  Probe x2 (Chrono Boost)  
  55  9:46  Probe (Chrono Boost)  
  45  9:53  Probe (Chrono Boost)  
  45  9:55  Probe (Chrono Boost)  
  47  10:00  Probe (Chrono Boost)  
  47  10:02  Probe (Chrono Boost)  
  47  10:03  Probe (Chrono Boost)  
  49  10:09  Probe (Chrono Boost)  
  49  10:11  Probe (Chrono Boost)  
  49  10:12  Probe  
  51  10:19  Probe  
  50  10:27  Sentry x3  
  54  10:29  Probe  
  54  10:30  Probe  
  54  10:38  Stalker  
  54  10:42  Probe  
  47  10:43  Probe  
  42  10:53  Stalker  
Show
View Real Time Build Order
Export as new Build Order

Cham Zerg - Winner!

Build Orders: Hatch First 

Get SALT Encoding   

  12  0:00  Drone  
  13  0:08  Drone  
  14  0:18  Overlord  
  14  0:36  Drone x2  
  16  0:48  Hatchery  
  15  0:51  Drone  
  15  0:55  Drone  
  17  0:59  Drone  
  18  1:12  Spawning Pool  
  18  1:14  Extractor  
  18  1:17  Drone  
  17  1:20  Drone  
  18  1:30  Drone  
  19  1:42  Drone  
  20  1:52  Drone  
  21  1:59  Queen x2  
  21  2:01  Drone  
  26  2:02  Overlord  
  26  2:11  Drone  
  26  2:14  Drone  
  28  2:23  Hatchery  
  28  2:29  Drone x2  
  29  2:35  Overlord  
  29  2:36  Drone  
  30  2:44  Queen  
  30  2:47  Metabolic Boost  
  30  2:51  Drone  
  33  2:52  Drone  
  33  2:55  Drone  
  33  2:58  Overlord  
  35  3:03  Queen  
  37  3:10  Drone x3  
  37  3:12  Drone  
  41  3:18  Zergling x2  
  42  3:21  Overlord  
  42  3:25  Queen  
  44  3:32  Drone  
  44  3:33  Overlord  
  45  3:37  Overlord  
  45  3:38  Drone  
  45  3:40  Drone x2  
  48  3:43  Drone  
  48  3:46  Drone x2  
  51  3:51  Overlord  
  51  3:56  Zergling x4  
  51  3:57  Zergling x2, Roach Warren  
  51  3:59  Zergling x2  
  54  4:03  Zergling x4  
  54  4:06  Zergling x2  
  57  4:10  Zergling x8  
  57  4:13  Overlord  
  57  4:16  Spore Crawler  
  60  4:18  Spore Crawler  
  60  4:21  Spore Crawler  
  58  4:25  Zergling x2  
  58  4:26  Zergling x6  
  62  4:33  Drone x3  
  62  4:35  Drone x2  
  62  4:36  Drone  
  67  4:39  Drone  
  67  4:43  Roach x2  
  70  4:48  Roach x2  
  75  4:53  Roach x2  
  75  4:54  Drone  
  75  4:57  Drone  
  75  4:59  Drone x2  
  76  5:00  Drone  
  76  5:01  Drone  
  76  5:05  Overlord  
  77  5:11  Roach x3  
  83  5:17  Drone x3  
  83  5:20  Lair  
  85  5:23  Roach, Extractor  
  85  5:25  Zergling x2  
  87  5:30  Zergling x4  
  87  5:35  Drone x6  
  87  5:36  Drone  
  92  5:45  Drone  
  92  5:46  Extractor  
  92  5:47  Drone x5  
  94  5:51  Extractor  
  94  5:53  Extractor  
  94  5:54  Drone  
  93  6:02  Drone x2  
  95  6:05  Drone  
  95  6:06  Drone x3  
  95  6:08  Evolution Chamber  
  95  6:10  Drone x3  
  101  6:14  Extractor  
  101  6:17  Hatchery  
  99  6:19  Drone  
  99  6:20  Drone x2  
  99  6:22  Hydralisk Den  
  99  6:25  Spire  
  101  6:27  Glial Reconstitution  
  101  6:28  Drone  
  101  6:29  Drone  
  101  6:31  Overlord  
  101  6:32  Drone x2  
  105  6:38  Drone  
  106  6:40  Overlord x2  
  106  6:44  Zerg Missile Weapons Level 1, Overlord x2  
  106  6:49  Overlord  
  106  6:52  Overlord  
  106  6:56  Roach x3  
  114  7:04  Overlord  
  121  7:12  Overlord  
  111  7:17  Drone x2  
  111  7:18  Drone x4  
  115  7:36  Mutalisk x9  
  123  7:40  Drone x2, Extractor  
  123  7:41  Drone x2  
  123  7:43  Extractor  
  123  7:44  Overlord  
  135  7:50  Drone  
  135  7:51  Drone x2, Overlord  
  137  7:52  Drone, Overlord  
  127  8:13  Drone x3  
  127  8:14  Drone  
  127  8:22  Corruptor x7  
  127  8:25  Corruptor  
  127  8:26  Queen x3  
  142  8:29  Spore Crawler  
  142  8:34  Corruptor  
  135  8:35  Queen  
  139  8:48  Corruptor x4  
  135  8:52  Zergling x16  
  142  8:58  Corruptor  
  142  8:59  Corruptor  
  142  9:02  Queen x2  
  139  9:13  Corruptor x2  
  128  9:17  Zergling x6  
  128  9:18  Zergling x4  
  111  9:24  Roach  
  111  9:25  Roach  
  111  9:26  Roach  
  111  9:28  Roach  
  111  9:29  Roach  
  109  9:32  Roach  
  109  9:37  Roach  
  100  9:38  Roach  
  100  9:45  Roach x2  
  99  9:47  Roach x2  
  99  9:49  Roach  
  100  9:53  Roach  
  104  10:00  Roach x2  
  104  10:06  Roach x2  
  110  10:12  Roach x3  
  110  10:13  Drone  
  115  10:30  Drone, Roach x3  
  115  10:31  Drone  
  125  10:35  Roach  
  125  10:36  Drone x2, Roach x4  
  125  10:42  Drone  

Tags
 
Add a new tag
Caveats
  • Supply blocks, unpowered buildings, or Contaminate may cause inaccurate times.
  • Supply counts are checked every 10 seconds.